 Dungeon Crawl Stone Soup version 0.30-a0-1160-g6e42c06551 (webtiles) character file.

Game seed: 1148156922571809560

2217 holysushi the Slicer (level 9, -3/58 HPs)
             Began as an Octopode Monk on Apr 26, 2023.
             Was an Initiate of Gozag.
             Killed by divine providence
             ... invoked by an orc priest
              (13 damage)
             ... on level 8 of the Dungeon.
             The game lasted 00:07:28 (6183 turns).

holysushi the Slicer (Octopode Monk)                Turns: 6183, Time: 00:07:29

Health: -3/58      AC:  7    Str: 10    XL:     9   Next: 35%
Magic:  9/9        EV: 21    Int: 16    God:    Gozag
Gold:   507        SH:  0    Dex: 34    Spells: 4/8 levels left

rFire   + . .        A - +8 short sword of Daczou {pain, rN+ Int+4 Dex+3}
rCold   . . .        c - orb {light}
rNeg    + . .        w - +2 hat
rPois   .            (no amulet)
rElec   .            g - +4 ring of protection
rCorr   .            o - ring of willpower
SInv    .            f - +6 ring of dexterity
Will    +....        l - +6 ring of dexterity
Stlth   ++           y - ring of wizardry
HPRegen 0.29/turn    u - ring of protection from fire
MPRegen 0.11/turn    q - ring of wizardry
                     (no ring)

%: wizardry (x2)
@: gold aura, glowing
A: almost no armour, amphibious, 8 rings, camouflage 1, gelatinous body 1,
(nimble swimmer 1), tentacles
a: Renounce Religion, Potion Petition, Call Merchant, Bribe Branch


You were on level 8 of the Dungeon.
You worshipped Gozag.
Gozag was pleased with you.
You visited 2 branches of the dungeon, and saw 9 of its levels.

You collected 1299 gold pieces.
You spent 792 gold pieces at shops.

Inventory:

Hand Weapons
 a - a +0 short sword
 A - the +8 short sword of Daczou (weapon) {pain, rN+ Int+4 Dex+3}
   (You found it on level 4 of the Dungeon)

   Int:       It affects your intelligence (+4).
   Dex:       It affects your dexterity (+3).
   rN:        It protects you from negative energy.
Armour
 c - an orb of light (worn)
 w - a +2 hat (worn)
Jewellery
 f - a +6 ring of dexterity (on tentacle)
 g - a +4 ring of protection (left tentacle)
 l - a +6 ring of dexterity (on tentacle)
 o - a ring of willpower (right tentacle)
 q - a ring of wizardry (on tentacle)
 u - a ring of protection from fire (on tentacle)
 y - a ring of wizardry (on tentacle)
Wands
 z - a wand of flame (32)
 D - a wand of light (11)
Scrolls
 h - a scroll of fog
 k - a scroll of immolation
 r - 4 scrolls of teleportation
 s - a scroll of enchant armour {unknown}
 v - a scroll of poison
 B - a scroll of identify
Potions
 b - a potion of ambrosia
 d - 4 potions of flight
 e - 7 potions of curing
 i - 3 potions of haste
 j - a potion of attraction
 m - a potion of heal wounds {unknown}
 n - 2 potions of resistance
 p - 4 potions of lignification
 t - a potion of might
 x - 2 potions of mutation {unknown}
 C - 4 potions of magic {unknown}


   Skills:
 - Level 4.0 Fighting
 + Level 9.8 Short Blades
 + Level 6.7 Dodging
 - Level 4.0 Stealth
 - Level 2.6 Necromancy


You had 4 spell levels left.
You knew the following spells:

 Your Spells              Type           Power      Damage    Failure   Level
a - Necrotise             Necr           32%        1d5       2%          1
b - Vampiric Draining     Necr           8%         2d6       7%          3

Your spell library contained the following spells:

 Spells                   Type           Power      Damage    Failure   Level
 Cigotuvi's Dreadful Rot  Necr/Pois/Air  4%         N/A       7%          2
 Ignite Poison            Fire/Tmut/Pois 0%         N/A       19%         3
 Volatile Blastmotes      Fire/Tloc      0%         2d10      19%         3
 Fulminant Prism          Conj/Hex       0%         3d5       50%         4
 Iskenderun's Mystic Bla  Conj/Tloc      0%         2d3       50%         4
 Agony                    Necr           8%         N/A       50%         5
 Freezing Cloud           Conj/Ice/Air   0%         6-21      83%         5
 Lee's Rapid Deconstruct  Erth           0%         3d4*      83%         5
 Conjure Ball Lightning   Conj/Air       0%         3x3d6     100%        6
 Discord                  Hex            0%         N/A       100%        8
 Disjunction              Tloc           0%         N/A       100%        8


Dungeon Overview and Level Annotations

Branches:
Dungeon (8/15) Zot: 26949  Temple (1/1) D:6 Zot: 5903
   Lair: D:8-11

Altars:
Ashenzari
Elyvilon
Fedhas
Gozag
Hepliaklqana
Kikubaaqudgha
Nemelex Xobeh
Okawaru
Qazlal
Ru
Sif Muna
Trog
Uskayaw
Wu Jian
Xom
Yredelemnul
Zin
The Shining One

Shops:
D:1 =   D:3 (=([

Annotations:
D:5 2 transporters, Esekla's ghost, amateur OpDe


Innate Abilities, Weirdness & Mutations

You cannot wear most types of armour.
You are amphibious.
You can wear up to eight rings at the same time.
Your skin changes colour to match your surroundings (Stealth+).
Your rubbery body absorbs attacks. (AC +1, EV +1)
((You are camouflaged when in or above water. (Stealth+)))
You have tentacles for arms and can constrict up to eight enemies at once.


Message History

You swing at nothing.
You swing at nothing.
The orc warrior barely misses you.
You swing at nothing.
You swing at nothing.
The orc warrior hits you from afar with a +0 trident!
You swing at nothing.
You swing at nothing.
The orc warrior hits you from afar with a +0 trident.
You swing at nothing.
You swing at nothing.
The orc warrior hits you from afar with a +0 trident!
The orc warrior hits you with a +0 trident!
The orc shouts!
You hit the orc warrior but do no damage.
The orc warrior writhes in agony.
You grab the orc warrior. You squeeze the orc warrior.
The orc warrior is lightly wounded.
You constrict the orc warrior, but do no damage.
You hit the orc warrior.
The orc warrior writhes in agony.
The orc warrior is moderately wounded.
You constrict the orc warrior, but do no damage.
The orc warrior misses you.
You puncture the orc warrior!
The orc warrior writhes in agony.
The orc warrior is severely wounded.
You constrict the orc warrior. You puncture the orc warrior!
You kill the orc warrior!
The wight hits you but does no damage. The wight barely misses you.
You hit the wight but do no damage. You grab the wight. You squeeze the wight.
The wight is lightly damaged.
You constrict the wight, but do no damage.
You release your grip on the wight.
The wight completely misses you. The wight barely misses you.
The wight attacks as you move away! The wight hits you with a +3 scimitar.
The wight attacks as you move away! The wight hits you with a +3 scimitar!
* * * LOW HITPOINT WARNING * * *
The orc priest calls down the wrath of Beogh upon you.
Beogh smites you!
You die...
Your body crumbles into a pile of gold.

# #..# #. ...# ..##..#
.... #.#######.
#......... $ #.#######.
#######.# .......@####
.......z...####..#
...>...z............
#######o#z#####..#..##.
......o.............
#####.#z#z###.....# .
#.#z#.###.##..##..
#.#.#.##...!.....
.###.#.#.##..##..##..


You could see 5 wights, an orc priest and an orc.

Vanquished Creatures
  Joseph (D:7)
  2 wyverns
  2 ice beasts
  A sky beast (D:7)
  An ogre (D:5)
  2 orc warriors
  A phantom (D:6)
  4 bullfrogs
  2 scorpions
  A howler monkey (D:4)
  2 orc priests (D:5)
  3 hounds
  2 jellies
  3 iguanas
  2 orc wizards
  7 adders
  2 white imps
  3 ufetubi
  5 dart slugs
  2 worms (D:3)
  15 orcs
  11 endoplasms
  5 giant cockroaches
  10 goblins
  6 hobgoblins
  12 jackals
  6 quokkas
  9 ball pythons
  7 bats
  4 frilled lizards
  7 kobolds
  8 rats
  A toadstool (D:5)
149 creatures vanquished.

Vanquished Creatures (others)
  3 fungi (D:5)
  3 toadstools (D:5)
6 creatures vanquished.

Grand Total: 155 creatures vanquished

Notes
Turn   | Place    | Note
-------+----------+-------------------------------------------
     0 | D:1      | holysushi the Octopode Monk began the quest for the Orb.
     0 | D:1      | Reached XP level 1. HP: 16/16 MP: 1/1
   161 | D:1      | Reached XP level 2. HP: 21/21 MP: 2/2
   241 | D:1      | Found Jeaqi's Jewellery Shop.
   288 | D:1      | Reached skill level 4 in Short Blades
   365 | D:1      | Found a white marble altar of Elyvilon.
   371 | D:1      | Reached XP level 3. HP: 26/26 MP: 3/3
   873 | D:2      | Reached XP level 4. HP: 31/31 MP: 4/4
  1607 | D:3      | Found Yviorabb's Antique Weapon Shop.
  1726 | D:3      | Found Juuma's Jewellery Shop.
  1813 | D:3      | Found Emmiros's Weapon Shoppe.
  1936 | D:3      | Reached XP level 5. HP: 36/36 MP: 5/5
  2119 | D:3      | Found Juseyd's Armour Shop.
  2274 | D:4      | Identified the +8 short sword of Daczou {pain, rN+ Int+4
                  | Dex+3}
  2412 | D:4      | Reached skill level 5 in Short Blades
  2412 | D:4      | Reached skill level 1 in Stealth
  2429 | D:4      | Reached XP level 6. HP: 31/42 MP: 6/6
  2608 | D:4      | Reached XP level 7. HP: 38/47 MP: 7/7
  2722 | D:4      | Learned a level 1 spell: Necrotise
  2726 | D:4      | Learned a level 3 spell: Vampiric Draining
  3347 | D:5      | Entered Level 5 of the Dungeon
  3458 | D:5      | Reached skill level 6 in Short Blades
  3458 | D:5      | Reached skill level 5 in Dodging
  3458 | D:5      | Reached skill level 1 in Necromancy
  3495 | D:4      | Identified a scroll of acquirement
  3495 | D:4      | Acquired 673 gold pieces
  3631 | D:1      | Bought a +6 ring of dexterity for 396 gold pieces
  3631 | D:1      | Bought a +6 ring of dexterity for 396 gold pieces
  4114 | D:5      | Noticed Esekla's ghost (amateur OpDe)
  4116 | D:5      | Found a transporter.
  4116 | D:5      | Found a transporter.
  4749 | D:6      | Noticed a wyvern
  4767 | D:6      | Killed a wyvern
  4768 | D:6      | Reached skill level 7 in Short Blades
  4768 | D:6      | Reached XP level 8. HP: 54/54 MP: 8/8
  5029 | D:6      | Found a staircase to the Ecumenical Temple.
  5120 | Temple   | Entered the Ecumenical Temple
  5207 | Temple   | Became a worshipper of Gozag Ym Sagoz the Greedy
  5552 | D:7      | Noticed a wyvern
  5561 | D:7      | Killed a wyvern
  5562 | D:7      | Reached skill level 8 in Short Blades
  5758 | D:7      | Reached skill level 9 in Short Blades
  5787 | D:7      | Noticed Joseph
  5796 | D:7      | Killed Joseph
  5797 | D:7      | Reached XP level 9. HP: 30/58 MP: 9/9
  6183 | D:8      | Killed from afar by an orc priest

Illustrated notes

Levels and vault maps discovered:
D:1:      ncdulo_watergridlock, layout_rooms, serial_shops, shop,
          minmay_hexomino_r4
D:2:      layout_basic, dk_noncrumbling_2, minivault_4,
          hangedman_decor_clover_reticule, kennysheep_crisscross
D:3:      layout_basic, serial_shops, nicolae_shop_getting_attention,
          nicolae_shop_pleasant_corner_grove, nicolae_shop_real_fake_doors,
          nicolae_shop_statue_plus
D:4:      minmay_diamond_boxcup, layout_basic, minmay_fractal_squares_gapless_5
D:5:      layout_loops_corners, gammafunk_ghost_arena, minmay_gold_behind_fungi,
          minmay_misc_feat_cross
D:6:      layout_loops_corners, minmay_temple_entry_hall, serial_park_tiny_1
D:7:      layout_gridville, st_stairs_12, hangedman_abyss_or_decor_stagger,
          uniq_joseph
D:8:      layout_basic, david_lair_shrubbed
Temple:   compressed_dpeg_circular_temple

Skill      XL: |  1  2  3  4  5  6  7  8 |
---------------+-------------------------+-----
Short Blades   | 4 5 7 9 |  9.8
Dodging        | 4 5 6 |  6.7
Stealth        | 2 3 4 |  4.0
Fighting       | 4 |  4.0
Necromancy     | 2 |  2.6

Action                     |  1- 3 |  4- 6 |  7- 9 || total
---------------------------+-------+-------+-------++-------
  Melee: Short sword       |    77 |   124 |   110 ||   311
         Tentacles         |    21 |    33 |    33 ||    87
         Constrict         |    22 |    42 |    25 ||    89
         Punch             |     1 |     2 |     2 ||     5
    Use: Scroll            |       |       |    17 ||    17
   Stab: Sleeping          |     2 |     1 |     7 ||    10
         Distracted        |       |       |     1 ||     1
 Armour: Skin              |    12 |    30 |    11 ||    53
  Dodge: Dodged            |    47 |    74 |    42 ||   163

Table legend: (Time is in decaauts)
 A = Elapsed time spent in this place.
 B = Non-inter-level travel time spent in this place.
 C = Inter-level travel time spent in this place.
 D = Time resting spent in this place.
 E = Time spent auto-exploring this place.
 F = Levels seen in this place.
 G = Mean time per level.
                   A        B        C        D        E       F      G
               +--------+--------+--------+--------+--------+-----+--------+
         Total |   6092 |   5641 |    451 |    349 |   4197 |   9 |  676.9 |
       Dungeon |   5995 |   5552 |    443 |    349 |   4140 |   8 |  749.4 |
        Temple |     96 |     89 |      7 |      0 |     57 |   1 |   96.0 |
               +--------+--------+--------+--------+--------+-----+--------+

Top non-repeatable levels by time:
     D:4: 1239 daAuts
     D:5: 954 daAuts
     D:2: 910 daAuts
     D:6: 855 daAuts
     D:3: 726 daAuts
     D:1: 699 daAuts
     D:7: 559 daAuts
  Temple: 96 daAuts
     D:8: 49 daAuts
